 Dungeon Crawl Stone Soup version 0.17.0-56-gd8de76c (webtiles) character file.

26198 Miyamura the Covert (level 12, -11/92 HPs)
             Began as a Vampire Enchanter on Dec 6, 2015.
             Was a High Priest of Vehumet.
             Mangled by Rupert
             ... wielding a +4 great mace of draining
              (46 damage)
             ... on level 4 of the Orcish Mines.
             The game lasted 01:32:23 (17719 turns).

Miyamura the Covert (Vampire Enchanter)            Turns: 17719, Time: 01:32:23

Health: -11/92     AC: 12    Str: 13    XL:     12   Next: 96%
Magic:  23/24      EV: 19    Int: 35    God:    Vehumet [*****.]
Gold:   968        SH:  5    Dex: 15    Spells: 6 memorised, 7 levels left

rFire  . . .     SeeInvis +     S - +2 rapier (elec)
rCold  + . .     Clarity  .     u - +4 robe "Riphit" {Str+6 Int+2}
rNeg   . . .     SustAt   .     a - +0 buckler
rPois  .         Gourm    .     R - +0 helmet
rElec  .         Spirit   .     n - +1 cloak {+Inv}
rCorr  .         Warding  .     E - +0 pair of gloves
rMut   .         Stasis   .     z - +1 pair of boots of Bugrex {+Fly rC+ MR- Int+7}
MR     ++...                    (no amulet)
Stlth  +++++.....               K - ring of the Assorted Wishes {+Inv MR+ Int+4}
                                x - ring of protection from magic

@: very slightly contaminated, regenerating quickly, hasted, invisible
(expiring), very quick, very resistant to hostile enchantments, quite stealthy
A: fangs 3, hooves 1, repulsion field 1, see invisible, unbreathing
a: Renounce Religion, Turn Visible, Evoke Flight


You were on level 4 of the Orcish Mines.
You worshipped Vehumet.
Vehumet was extremely pleased with you.
You were very full.

You visited 3 branches of the dungeon, and saw 16 of its levels.
You also visited: Ice Cave.

You collected 1840 gold pieces.
You spent 872 gold pieces at shops.

Inventory:

Hand Weapons
 S - a +2 rapier of electrocution (weapon)
Missiles
 e - 433 stones (quivered)
Armour
 a - a +0 buckler (worn)
 m - a +0 shield of reflection
 n - a +1 cloak of invisibility (worn)
 u - the +4 robe "Riphit" (worn) {Str+6 Int+2}
   (You found it on level 4 of the Dungeon)

   It affects your strength (+6).
   It affects your intelligence (+2).
 z - the +1 pair of boots of Bugrex (worn) {+Fly rC+ MR- Int+7}
   (You bought it in a shop on level 1 of the Orcish Mines)

   It affects your intelligence (+7).
   It protects you from cold.
   It affects your resistance to hostile enchantments.
   It lets you fly.
 E - a +0 pair of gloves (worn)
 R - a +0 helmet (worn)
Jewellery
 r - an uncursed ring of protection from cold
 x - a ring of protection from magic (left hand)
 H - an uncursed ring of protection from fire
 K - the ring of the Assorted Wishes (right hand) {+Inv MR+ Int+4}
   (You bought it in a shop on level 5 of the Dungeon)

   [ring of invisibility]

   It affects your intelligence (+4).
   It affects your resistance to hostile enchantments.
   It lets you turn invisible.
Wands
 k - a wand of invisibility (1)
 p - a wand of teleportation (3)
 y - a wand of polymorph (13)
 A - a wand of draining (7)
 B - a wand of digging (12)
 C - a wand of enslavement (2)
 G - a wand of disintegration (8)
 Q - a wand of fire (1)
Scrolls
 f - a scroll of fog
 i - 3 scrolls of recharging
 l - 6 scrolls of remove curse
 I - a scroll of amnesia
 M - a scroll of vulnerability
 N - a scroll of brand weapon {unknown}
 T - a scroll of magic mapping {unknown}
Potions
 b - a potion of poison {unknown}
 d - 74 potions of blood
 g - 6 potions of curing
 h - a potion of heal wounds
 j - 3 potions of agility
 o - 2 potions of ambrosia
 q - a potion of flight
 s - 2 potions of might
 t - a potion of mutation {unknown}
 v - 2 potions of haste
 P - 2 potions of lignification {unknown}
 U - 2 potions of resistance
Books
 c - a book of Maledictions

   Spells                             Type                      Level
   a - Corona                         Hexes                        1
   b - Ensorcelled Hibernation        Hexes/Ice                    2
   c - Confuse                        Hexes                        3
   d - Tukima's Dance                 Hexes                        3
   e - Dazzling Spray                 Conjuration/Hexes            3
 F - a book of Debilitation

   Spells                             Type                      Level
   a - Corona                         Hexes                        1
   b - Slow                           Hexes                        2
   c - Gell's Gravitas                Hexes/Translocation          3
   d - Inner Flame                    Hexes/Fire                   3
   e - Cause Fear                     Hexes                        4
   f - Leda's Liquefaction            Hexes/Earth                  4
 J - a book of Ice

   Spells                             Type                      Level
   a - Ice Form                       Ice/Transmutation            4
   b - Metabolic Englaciation         Hexes/Ice                    5
   c - Ozocubu's Refrigeration        Ice                          6
   d - Bolt of Cold                   Conjuration/Ice              6
   e - Freezing Cloud                 Conjuration/Ice/Air          6
   f - Simulacrum                     Ice/Necromancy               6
Miscellaneous
 O - a lamp of fire


   Skills:
 + Level 7.9 Fighting
 + Level 9.4 Short Blades
 - Level 8.8 Dodging
 - Level 10.8 Stealth
 - Level 4.6 Shields
 + Level 8.5 Spellcasting
 + Level 3.3 Conjurations
 - Level 7.4 Hexes
 + Level 5.9 Ice Magic
 - Level 7.3 Evocations


You had 7 spell levels left.
You knew the following spells:

 Your Spells              Type           Power        Failure   Level  Hunger
a - Stone Arrow           Conj/Erth      ####..       1%          3    None
b - Bolt of Cold          Conj/Ice       #####.....   28%         6    #####..
c - Confuse               Hex            ######..     1%          3    None
e - Ensorcelled Hibernat  Hex/Ice        ######       1%          2    None
g - Gell's Gravitas       Hex/Tloc       #####.....   1%          3    None
i - Throw Icicle          Conj/Ice       #####...     1%          4    None


Dungeon Overview and Level Annotations

Branches:
Dungeon (11/15)            Temple (1/1) D:7            Lair (0/8) D:8
    Orc (4/4) D:9             Elf (0/3) Orc:3

Altars:
Ashenzari
Cheibriados
Dithmenos
Elyvilon
Fedhas
Gozag
Kikubaaqudgha
Makhleb
Nemelex Xobeh
Okawaru
Qazlal
Ru
Sif Muna
Trog
Vehumet
Xom
Yredelemnul
Zin
The Shining One
Beogh

Shops:
D:5 =   D:9 *   D:11 (%!}:   Orc:1 }[   Orc:4 (

Annotations:
Orc:4 Rupert


Innate Abilities, Weirdness & Mutations

Your natural rate of healing is unusually fast.
You have razor-sharp teeth.
You have supernaturally acute eyesight.
You can survive without breathing.
You have large cloven feet.
You are surrounded by a mild repulsion field (EV +2).


Message History

You hear a shout!
Drink which item? (? for menu, Esc to quit)
You feel much better.
Your surroundings suddenly seem different.
Evoke which item? (* to show all) (? for menu, Esc to quit)
Okay, then.
Casting: Confuse
Confirm with . or Enter, or press ? or * to list all spells.
Okay, then.
Drink which item? (? for menu, Esc to quit)
You feel yourself speed up.
Rupert rages.
Rupert hits you with a great mace of draining!!
* * * LOW HITPOINT WARNING * * *
Drink which item? (? for menu, Esc to quit)
You feel much better. Rupert closely misses you.
You flicker for a moment.
Rupert hits you with a great mace of draining!!!
Ouch! That really hurt!
You die...

# ## ..###.# ### #####
.......###.####.#.##
.......#....##.....#
.......@...###....##
........@....##...#
.....#...........##
.#.......oo......##
.........)........#
..........(#...#)##
.........)).#.##########
........................
#.....)..............)..


You could see Rupert (berserk), an orc priest and an orc wizard.

Vanquished Creatures
  Donald (Orc:4)
  A frost giant (IceCv)
  An orc warlord (Orc:3)
  A death yak (IceCv)
  The ghost of HandofTrog the Severer, a novice DDBe of Trog (D:8)
  An ugly thing (D:9)
  2 orc sorcerers (Orc:4)
  2 cyclopes
  18 polar bears (IceCv)
  A troll (D:9)
  2 two-headed ogres
  Grinder (D:6)
  Prince Ribbit (D:7)
  Sigmund (D:6)
  A trapdoor spider (D:9)
  3 fire bats (Orc:2)
  A hungry ghost (D:8)
  Eustachio (D:7)
  A human (D:7)
  4 hippogriffs
  Grum (D:10)
  21 yaks
  A wraith (D:10)
  A deep elf fighter (D:8)
  A vampire mosquito (D:11)
  4 wargs (Orc:4)
  9 wolves
  Edmund (D:5)
  The ghost of gorblad the Poker, an amateur DsCK of Xom (D:3)
  Duvessa (D:5)
  9 ice beasts
  5 sky beasts
  3 black bears
  7 centaurs
  10 ogres
  6 phantoms
  14 orc warriors
  2 big kobolds
  4 giant frogs
  Dowan (D:5)
  A troll zombie (D:9)
  A scorpion (D:4)
  5 killer bees (D:5)
  4 crimson imps
  2 centaur zombies
  28 orc wizards
  17 orc priests
  4 jellies
  2 hounds
  Crazy Yiuf (D:5)
  5 centaur skeletons
  2 giant frog skeletons
  4 iguanas
  Natasha (twice) (D:4)
  9 worker ants
  4 sheep (D:7)
  7 ogre zombies (D:9)
  A hound skeleton (D:7)
  2 worker ant zombies
  Robin (D:3)
  6 gnolls
  4 river rats (D:8)
  11 adders
  A shadow imp (D:8)
  An adder skeleton (D:8)
  3 worms
  141 orcs
  4 giant cockroaches
  21 goblins
  12 hobgoblins
  11 jackals
  24 bats
  11 giant geckos
  10 giant newts
  A goblin skeleton (D:9)
  4 goblin zombies (D:9)
  A hobgoblin skeleton (D:9)
  A jackal zombie (D:7)
  16 kobolds
  4 orc skeletons (D:9)
  14 orc zombies (D:9)
  2 quokkas
  17 rats
569 creatures vanquished.

Vanquished Creatures (others)
  A polar bear (IceCv)
  6 wolves (IceCv)
  An ogre (Orc:3)
  3 orcs
  A hobgoblin zombie (D:9)
  7 fungi (D:8)
19 creatures vanquished.

Grand Total: 588 creatures vanquished

Notes
Turn   | Place    | Note
--------------------------------------------------------------
     0 | D:1      | Miyamura the Vampire Enchanter began the quest for the Orb.
     0 | D:1      | Reached XP level 1. HP: 13/13 MP: 3/3
   360 | D:1      | Reached XP level 2. HP: 8/19 MP: 5/5
   529 | D:1      | Learned a level 2 spell: Ensorcelled Hibernation
  1446 | D:1      | Reached XP level 3. HP: 25/25 MP: 3/6
  1686 | D:2      | Found a shattered altar of Ashenzari.
  1860 | D:2      | Reached skill level 1 in Fighting
  1922 | D:2      | Reached skill level 5 in Stealth
  1922 | D:2      | Reached skill level 5 in Hexes
  1952 | D:2      | Learned a level 3 spell: Confuse
  2194 | D:2      | Reached XP level 4. HP: 32/32 MP: 7/7
  2493 | D:3      | Gained mutation: You are surrounded by a mild repulsion field (EV +2). [potion of beneficial mutation]
  2521 | D:3      | Noticed Robin
  2700 | D:3      | Killed Robin
  2788 | D:3      | Found a faded altar to an unknown god.
  2924 | D:3      | Noticed gorblad's ghost (amateur DsCK)
  2955 | D:3      | Killed gorblad's ghost
  2955 | D:3      | Reached XP level 5. HP: 31/38 MP: 7/9
  3120 | D:3      | Gained mutation: You have large cloven feet. [potion of beneficial mutation]
  3738 | D:4      | Noticed Natasha
  3746 | D:4      | Killed Natasha
  3746 | D:4      | Reached XP level 6. HP: 37/44 MP: 4/10
  3977 | D:4      | Got a smoking robe
  3988 | D:4      | Identified the +4 robe "Riphit" {Str+6 Int+2} (You found it on level 4 of the Dungeon)
  4102 | D:5      | Entered Level 5 of the Dungeon
  4128 | D:5      | Reached skill level 6 in Stealth
  4208 | D:5      | Noticed Edmund
  4256 | D:5      | Noticed Duvessa
  4326 | D:5      | Noticed Dowan
  4383 | D:5      | Killed Edmund
  4383 | D:5      | Reached XP level 7. HP: 45/51 MP: 1/12
  4722 | D:4      | Noticed Natasha
  4725 | D:4      | Killed Natasha
  4738 | D:4      | Reached skill level 7 in Stealth
  4876 | D:5      | Killed Dowan
  4907 | D:5      | Killed Duvessa
  4957 | D:5      | Found a deep blue altar of Sif Muna.
  5075 | D:5      | Reached XP level 8. HP: 58/58 MP: 10/13
  5223 | D:5      | Found Maosigu's Jewellery Emporium.
  5382 | D:5      | Noticed Crazy Yiuf
  5387 | D:5      | Killed Crazy Yiuf
  5787 | D:6      | Noticed Grinder
  5821 | D:6      | Reached skill level 1 in Shields
  5851 | D:6      | Killed Grinder
  6155 | D:6      | Noticed Eustachio
  6159 | D:6      | Noticed Sigmund
  6177 | D:6      | Killed Sigmund
  6590 | D:6      | Reached skill level 5 in Dodging
  6590 | D:6      | Reached skill level 8 in Stealth
  6722 | D:6      | Reached XP level 9. HP: 63/65 MP: 12/15
  6865 | D:7      | Killed Eustachio
  6865 | D:7      | Reached skill level 5 in Short Blades
  6953 | D:7      | Found a staircase to the Ecumenical Temple.
  6987 | Temple   | Entered the Ecumenical Temple
  7177 | Temple   | Became a worshipper of Vehumet
  7272 | D:7      | Got an iridescent shortbow
  7273 | D:7      | Identified the +2 shortbow of the Warrior {freeze, *Confuse rElec MR+ Stlth+} (You found it on level 7 of the Dungeon)
  7356 | D:7      | Noticed Prince Ribbit
  7398 | D:7      | Killed Prince Ribbit
  7398 | D:7      | Reached skill level 5 in Spellcasting
  7792 | D:7      | Reached skill level 1 in Ice Magic
  7863 | D:7      | Learned a level 3 spell: Gell's Gravitas
  8097 | D:8      | Reached * piety under Vehumet
  8097 | D:8      | Offered knowledge of Magic Dart by Vehumet.
  8165 | D:8      | Reached skill level 9 in Stealth
  8203 | D:8      | Noticed HandofTrog's ghost (novice DDBe)
  8270 | D:8      | Killed HandofTrog's ghost
  8270 | D:8      | Reached XP level 10. HP: 69/73 MP: 16/18
  8359 | D:8      | Reached skill level 5 in Fighting
  8899 | D:8      | Found a staircase to the Lair.
  9271 | D:9      | Offered knowledge of Sting by Vehumet.
  9334 | D:9      | Reached ** piety under Vehumet
  9374 | D:9      | Noticed a red ugly thing
  9381 | D:9      | Killed a red ugly thing
  9546 | D:9      | Found Duclixy's Demolitions Depot.
  9617 | D:9      | Found a staircase to the Orcish Mines.
  9824 | D:9      | Offered knowledge of Throw Frost by Vehumet.
  9907 | D:9      | Reached *** piety under Vehumet
  9907 | D:9      | Reached skill level 10 in Stealth
 10297 | D:9      | Offered knowledge of Stone Arrow by Vehumet.
 10631 | D:10     | Entered Level 10 of the Dungeon
 10735 | D:10     | Noticed Grum
 10768 | D:9      | Reached XP level 11. HP: 62/81 MP: 18/21
 10842 | D:10     | Killed Grum
 10954 | D:10     | Learned a level 3 spell: Stone Arrow
 11252 | D:11     | Found Yssick's Antique Weapon Shoppe.
 11407 | D:11     | Found Cuskek's Gadget Shop.
 11409 | D:11     | Reached **** piety under Vehumet
 11641 | D:11     | Found a shadowy altar of Dithmenos.
 11662 | D:11     | Found Zeuskyre's Food Shop.
 11690 | D:11     | Found Veok Anka's Book Boutique.
 11745 | D:11     | Offered knowledge of Throw Icicle by Vehumet.
 11753 | D:11     | Learned a level 4 spell: Throw Icicle
 12074 | D:11     | Found Hipsuthrosa's Distillery.
 12446 | D:5      | Bought the ring of the Assorted Wishes {+Inv MR+ Int+4} for 663 gold pieces
 12584 | Orc:1    | Entered Level 1 of the Orcish Mines
 12595 | Orc:1    | Found Huegaat's Quality Used Wands.
 12627 | Orc:1    | Reached skill level 1 in Evocations
 13054 | Orc:2    | Found a frozen archway.
 13072 | IceCv    | Entered an ice cave
 14412 | IceCv    | Reached skill level 5 in Evocations
 14486 | IceCv    | Noticed a death yak
 14510 | IceCv    | Killed a death yak
 14533 | IceCv    | Reached ***** piety under Vehumet
 14625 | IceCv    | Reached XP level 12. HP: 89/89 MP: 23/23
 14659 | IceCv    | Offered knowledge of Bolt of Cold by Vehumet.
 14667 | IceCv    | Learned a level 6 spell: Bolt of Cold
 14822 | IceCv    | Noticed a frost giant
 14872 | IceCv    | Reached skill level 1 in Conjurations
 15013 | IceCv    | Killed a frost giant
 15063 | IceCv    | Got a jewelled mace
 15416 | Orc:2    | Reached skill level 5 in Ice Magic
 15532 | Orc:2    | Identified the +5 mace of Ru's Generosity {crush, rPois Int+2} (You found it in an ice cave)
 15894 | Orc:1    | Found Emmib's Antique Armour Boutique.
 15961 | Orc:1    | Bought a pair of bloodstained boots for 209 gold pieces
 15968 | Orc:1    | Identified the +1 pair of boots of Bugrex {+Fly rC+ MR- Int+7} (You bought it in a shop on level 1 of the Orcish Mines)
 16157 | Orc:3    | Noticed an orc warlord
 16176 | Orc:3    | Killed an orc warlord
 16270 | Orc:3    | Found a staircase to the Elven Halls.
 16384 | Orc:3    | Offered knowledge of Lightning Bolt by Vehumet.
 17020 | Orc:4    | Entered Level 4 of the Orcish Mines
 17033 | Orc:4    | Found Wuben's Weapon Shop.
 17048 | Orc:4    | Found a roughly hewn altar of Beogh.
 17161 | Orc:4    | Found a roughly hewn altar of Beogh.
 17406 | Orc:4    | Noticed Donald
 17424 | Orc:4    | Killed Donald
 17695 | Orc:4    | Noticed Rupert
 17710 | Orc:4    | HP: 1/92 [Rupert/great mace of draining (39)]
 17719 | Orc:4    | Mangled by Rupert

Action                   |  1- 3 |  4- 6 |  7- 9 | 10-12 || total
-------------------------+-------+-------+-------+-------++-------
Melee: Dagger            |    95 |   192 |   359 |   542 ||  1188
       Rapier            |       |       |       |   652 ||   652
 Cast: Ensorcelled Hiber |    12 |    15 |    38 |    68 ||   133
       Confuse           |       |     3 |    34 |    64 ||   101
       Gell's Gravitas   |       |       |     1 |       ||     1
       Throw Icicle      |       |       |       |     5 ||     5
       Bolt of Cold      |       |       |       |     2 ||     2
 Abil: Evoke Invisibilit |       |       |       |    18 ||    18
Evoke: Wand              |       |     1 |       |     4 ||     5
  Use: Scroll            |     6 |     7 |     3 |    11 ||    27
       Potion            |     4 |    16 |    18 |    49 ||    87
 Stab: Sleeping          |    21 |    11 |    34 |    71 ||   137
       Invisible         |       |     6 |       |    55 ||    61
       Distracted        |       |     1 |     2 |     3 ||     6
       Confused          |       |     1 |    18 |    45 ||    64
